 Dungeon Crawl Stone Soup version 0.18.1-48-g4cf74bf (webtiles) character file.

20087 Alarkh the Jinx (level 12, -9/81 HPs)
             Began as a Vampire Enchanter on July 19, 2016.
             Was a High Priest of Okawaru.
             Mangled by a catoblepas (29 damage)
             ... on level 4 of the Lair of Beasts.
             The game lasted 00:25:16 (10462 turns).

Alarkh the Jinx (Vampire Enchanter)                Turns: 10462, Time: 00:25:17

Health: -9/81      AC: 14    Str: 11    XL:     12   Next: 42%
Magic:  11/24      EV: 10    Int: 18    God:    Okawaru [*****.]
Gold:   704        SH:  0    Dex: 15    Spells: 3 memorised, 21 levels left

rFire  . . .     SeeInvis +     a - +2 dagger (venom)
rCold  + . .     Gourm    .     o - +1 pearl dragon armour
rNeg   + + +     Faith    .     (no shield)
rPois  +         Spirit   .     S - +1 hat
rElec  .         Dismiss  .     h - +0 cloak
rCorr  .         Reflect  .     (no gloves)
SustAt .         Harm     .     (no boots)
MR     +....                    (no amulet)
Stlth  +++++.....               (no ring)
                                V - ring of wizardry

@: regenerating slowly, somewhat resistant to hostile enchantments, quite
stealthy
A: fangs 3, horns 1, see invisible, unbreathing
a: Bat Form, Heroism, Finesse, Renounce Religion


You were on level 4 of the Lair of Beasts.
You worshipped Okawaru.
Okawaru was extremely pleased with you.
You were thirsty.

You visited 3 branches of the dungeon, and saw 13 of its levels.
You also visited: Ossuary.

You collected 704 gold pieces.

Inventory:

Hand Weapons
 a - a +2 dagger of venom (weapon)
 b - a +3 scimitar of flaming
 l - a +1 dagger
 R - a +1 vampiric long sword
 T - a +0 great sword
Missiles
 y - 2 throwing nets (quivered)
Armour
 h - a +0 cloak (worn)
 o - a +1 pearl dragon armour (worn)
 p - a +2 robe
 s - a +0 pair of boots
 S - a +1 hat (worn)
 X - a +0 pair of boots
Magical Staves
 J - an uncursed staff of earth
Jewellery
 q - an uncursed amulet of guardian spirit
 F - an uncursed ring of ice
 N - an uncursed amulet of dismissal
 V - a ring of wizardry (left hand)
Wands
 u - a wand of slowing (10/48)
 D - a wand of digging (6/24)
 I - a wand of disintegration (6/24)
 L - a wand of polymorph (15/24)
 M - a wand of lightning (8/15)
 P - a wand of flame (25/48)
 Q - a wand of acid (6/15)
Scrolls
 g - 6 scrolls of teleportation
 w - 7 scrolls of remove curse
 x - 2 scrolls of noise {unknown}
 z - 2 scrolls of enchant weapon {unknown}
 A - 2 scrolls of magic mapping {unknown}
 B - 2 scrolls of fear {unknown}
 C - a scroll of fog {unknown}
 G - 3 scrolls of blinking {unknown}
 O - a scroll of summoning {unknown}
 W - a scroll of vulnerability {unknown}
Potions
 d - 18 potions of blood
 e - 2 potions of heal wounds
 f - 7 potions of curing
 i - 14 potions of degeneration {unknown}
 j - 3 potions of lignification
 k - 4 potions of agility
 m - a potion of invisibility
 n - 2 potions of flight
 r - 3 potions of ambrosia
 t - a potion of resistance {unknown}
 v - 3 potions of haste
 E - 2 potions of might
 U - a potion of berserk rage {unknown}
Books
 c - a book of Maledictions

   Spells                             Type                      Level
   a - Corona                         Hexes                        1
   b - Ensorcelled Hibernation        Hexes/Ice                    2
   c - Confuse                        Hexes                        3
   d - Tukima's Dance                 Hexes                        3
   e - Dazzling Spray                 Conjuration/Hexes            3
 H - a book of Conjurations

   Spells                             Type                      Level
   a - Magic Dart                     Conjuration                  1
   b - Searing Ray                    Conjuration                  2
   c - Dazzling Spray                 Conjuration/Hexes            3
   d - Fulminant Prism                Conjuration/Hexes            4
   e - Iskenderun's Mystic Blast      Conjuration                  4
   f - Iskenderun's Battlesphere      Conjuration/Charms           5
 K - a book of Summonings

   Spells                             Type                      Level
   a - Recall                         Summoning/Translocation      3
   b - Aura of Abjuration             Summoning                    5
   c - Summon Demon                   Summoning                    5
   d - Summon Forest                  Summoning/Translocation      5
   e - Summon Mana Viper              Hexes/Summoning              5
   f - Shadow Creatures               Summoning                    6


   Skills:
 + Level 3.0 Fighting
 - Level 12.0(12.5) Short Blades
 * Level 5.7(9.2) Long Blades
 + Level 2.7 Armour
 + Level 4.3 Dodging
 + Level 13.2 Stealth
 + Level 8.2 Spellcasting
 * Level 14.0 Hexes


You had 21 spell levels left.
You knew the following spells:

 Your Spells              Type           Power        Failure   Level  Hunger
a - Confuse               Hex            ######..     1%          3    #......
b - Corona                Hex            ######.      1%          1    None
c - Ensorcelled Hibernat  Hex/Ice        ####..       3%          2    None


Dungeon Overview and Level Annotations

Branches:
Dungeon (8/15)             Temple (1/1) D:4            Lair (4/8) D:8
  Swamp: Lair:3-6    Shoals: Lair:3-6     Snake: Lair:3-6    Spider: Lair:3-6

Altars:
Ashenzari
Cheibriados
Fedhas
Gozag
Makhleb
Nemelex Xobeh
Okawaru
Pakellas
Qazlal
Ru
Sif Muna
Trog
Vehumet
Yredelemnul
Zin
The Shining One


Innate Abilities, Weirdness & Mutations

You heal slowly.
You have razor-sharp teeth.
You have supernaturally acute eyesight.
You can survive without breathing.
You have a pair of small horns on your head.


Message History

The blast of calcifying dust hits you!
You are feeling very thirsty.
You hit the catoblepas but do no damage.
The catoblepas is heavily wounded.
You hit the catoblepas but do no damage.
You bite the catoblepas.
You draw the catoblepas's blood!
You feel better.
You are feeling thirsty.
The catoblepas is heavily wounded.
The catoblepas gores you!!
You hit the catoblepas but do no damage.
The catoblepas is heavily wounded.
You hit the catoblepas but do no damage.
The catoblepas is heavily wounded.
The catoblepas stomps with a crash on the ground.
The catoblepas gores you!!
* * * LOW HITPOINT WARNING * * *
The catoblepas breathes a plume of calcifying dust at you.
The blast of calcifying dust hits you! The catoblepas gores you!!
You die...

####### #..##.######
..........P## #####
##.##.##....# .#..
####.####..## ..# .# ###
#..########.### ####.#
##.###.#.#.##†## #
P#..#####.#...<.@..†..###.#
..............#Y#.##....#.#
†............###.#.#....§#
.###...................§##
...####.......#P......†P.##
...PP#.....#######......P.##
..........## #...........
####..†#.#.# ###..##.#..###
P# ##.#.#### #....# #####


You could see a catoblepas.

Vanquished Creatures
  Erica (Lair:2)
  6 death yaks (Lair:2)
  An unseen horror (D:8)
  Pikel (D:6)
  2 black mambas
  4 elephants (Lair:3)
  6 spiny frogs
  9 blink frogs
  16 yaks
  2 wyverns
  5 hippogriffs
  5 vampire mosquitoes (Lair:4)
  Edmund (D:4)
  8 water moccasins
  3 porcupines
  2 phantoms
  4 slaves (D:6)
  An ice beast (D:6)
  An orc warrior (D:8)
  5 wolves (Lair:2)
  2 ogres
  2 centaurs
  6 crocodiles
  A big kobold (D:4)
  11 giant frogs
  A wyvern zombie (D:8)
  Blork the orc (D:6)
  4 scorpions
  8 wights
  An electric eel (Lair:1)
  A crimson imp (D:5)
  A centaur zombie (Ossuary)
  A human zombie (Ossuary)
  8 hounds
  3 orc wizards
  Crazy Yiuf (D:2)
  A giant frog zombie (D:3)
  A gnoll shaman (D:6)
  3 orc priests
  Jessica (D:2)
  A giant frog skeleton (D:5)
  6 iguanas
  Ijyb (D:2)
  5 worker ants
  7 sheep (Lair:2)
  A killer bee zombie (D:8)
  A hound skeleton (D:6)
  2 mummies (Ossuary)
  A worker ant zombie (D:8)
  A howler monkey skeleton (D:6)
  6 adders
  16 gnolls
  An ooze (D:2)
  An adder zombie (D:7)
  A worm (D:2)
  3 dart slugs
  3 giant geckos
  24 orcs
  2 ball pythons
  3 giant cockroaches
  A gnoll zombie (Ossuary)
  4 goblins
  3 hobgoblins
  5 jackals
  9 kobolds
  5 quokkas
  6 bats
  3 giant newts
  A goblin zombie (Ossuary)
  2 hobgoblin zombies (Ossuary)
  2 orc zombies (Ossuary)
  5 rats
  2 fungi
275 creatures vanquished.

Vanquished Creatures (collateral kills)
  An electric eel (Lair:1)
1 creature vanquished.

Vanquished Creatures (others)
  4 fungi
  A plant (Lair:2)
5 creatures vanquished.

Grand Total: 281 creatures vanquished

Notes
Turn   | Place    | Note
--------------------------------------------------------------
     0 | D:1      | Alarkh the Vampire Enchanter began the quest for the Orb.
     0 | D:1      | Reached XP level 1. HP: 13/13 MP: 3/3
   277 | D:1      | Reached XP level 2. HP: 13/19 MP: 5/5
   281 | D:1      | Learned a level 2 spell: Ensorcelled Hibernation
   519 | D:2      | Found a bloodstained altar of Trog.
   523 | D:2      | Reached skill level 5 in Hexes
   523 | D:2      | Reached XP level 3. HP: 24/24 MP: 1/6
   579 | D:2      | Reached skill level 5 in Stealth
   666 | D:2      | Noticed Ijyb
   674 | D:2      | Killed Ijyb
   674 | D:2      | Reached XP level 4. HP: 30/30 MP: 7/7
  1085 | D:2      | Noticed Jessica
  1089 | D:2      | Killed Jessica
  1452 | D:2      | Noticed Crazy Yiuf
  1458 | D:2      | Killed Crazy Yiuf
  1569 | D:2      | Reached XP level 5. HP: 35/35 MP: 8/8
  2064 | D:4      | Reached skill level 6 in Hexes
  2096 | D:4      | Noticed Edmund
  2098 | D:4      | Found a staircase to the Ecumenical Temple.
  2132 | D:4      | Killed Edmund
  2132 | D:4      | Reached XP level 6. HP: 15/41 MP: 4/10
  2196 | D:2      | Learned a level 3 spell: Confuse
  2374 | D:4      | Found a sand-covered staircase.
  2392 | Ossuary  | Entered an ossuary
  2733 | Ossuary  | Reached skill level 5 in Short Blades
  2969 | D:5      | Entered Level 5 of the Dungeon
  3003 | D:5      | Reached XP level 7. HP: 44/46 MP: 1/11
  3077 | Temple   | Entered the Ecumenical Temple
  3151 | Temple   | Became a worshipper of Warmaster Okawaru
  3272 | D:4      | Reached skill level 7 in Hexes
  4104 | D:5      | Found a blossoming altar of Fedhas.
  4146 | D:6      | Reached * piety under Okawaru
  4146 | D:6      | Reached XP level 8. HP: 52/52 MP: 7/14
  4192 | D:6      | Noticed Pikel
  4417 | D:6      | Noticed Blork the orc
  4531 | D:6      | Reached skill level 8 in Hexes
  4690 | D:6      | Killed Pikel
  4690 | D:6      | Reached ** piety under Okawaru
  4763 | D:6      | Reached skill level 5 in Spellcasting
  4774 | D:6      | Found a glowing silver altar of Zin.
  4834 | D:6      | Killed Blork the orc
  4834 | D:6      | Reached skill level 9 in Hexes
  4872 | D:6      | Reached XP level 9. HP: 42/57 MP: 7/16
  5277 | D:7      | Found a radiant altar of Vehumet.
  5459 | D:7      | Reached *** piety under Okawaru
  5826 | D:8      | Reached skill level 10 in Stealth
  5826 | D:8      | Reached skill level 10 in Hexes
  5968 | D:8      | Noticed an unseen horror
  5969 | D:8      | Found a staircase to the Lair.
  5977 | D:8      | Killed an unseen horror
  6265 | D:8      | Gained mutation: You have a pair of small horns on your head. [potion of beneficial mutation]
  6523 | D:8      | Reached XP level 10. HP: 52/63 MP: 12/19
  6767 | Lair:1   | Entered Level 1 of the Lair of Beasts
  6797 | Lair:1   | Reached **** piety under Okawaru
  6954 | Lair:1   | Received a gift from Okawaru
  6954 | Lair:1   | Reached skill level 10 in Short Blades
  6990 | Lair:1   | Received a gift from Okawaru
  7003 | Lair:1   | Noticed a spiny frog
  7112 | Lair:1   | Reached skill level 11 in Hexes
  7155 | Lair:1   | Noticed a spiny frog
  7168 | Lair:1   | Killed a spiny frog
  7253 | Lair:1   | Reached ***** piety under Okawaru
  7323 | Lair:1   | Killed a spiny frog
  7353 | Lair:1   | Noticed a spiny frog
  7360 | Lair:1   | Killed a spiny frog
  8027 | Lair:2   | Noticed a spiny frog
  8034 | Lair:2   | Killed a spiny frog
  8034 | Lair:2   | Received a gift from Okawaru
  8034 | Lair:2   | Reached XP level 11. HP: 46/68 MP: 16/21
  8130 | Lair:2   | Reached skill level 12 in Hexes
  8178 | Lair:2   | Reached skill level 1 in Long Blades
  8267 | Lair:2   | Noticed Erica
  8278 | Lair:2   | Killed Erica
  8788 | Lair:2   | Noticed a death yak
  8789 | Lair:2   | Noticed a death yak
  9000 | Lair:2   | Noticed a death yak
  9001 | Lair:2   | Noticed a death yak
  9014 | Lair:2   | Killed a death yak
  9015 | Lair:2   | Noticed a death yak
  9015 | Lair:2   | Noticed a death yak
  9034 | Lair:2   | Killed a death yak
  9038 | Lair:2   | Killed a death yak
  9046 | Lair:2   | Killed a death yak
  9046 | Lair:2   | Reached skill level 1 in Fighting
  9046 | Lair:2   | Reached skill level 1 in Armour
  9046 | Lair:2   | Reached skill level 13 in Hexes
  9062 | Lair:2   | Killed a death yak
  9069 | Lair:2   | Killed a death yak
  9069 | Lair:2   | Received a gift from Okawaru
  9288 | Lair:3   | Reached XP level 12. HP: 22/78 MP: 5/23
 10000 | Lair:4   | Reached skill level 5 in Long Blades
 10414 | Lair:4   | Reached skill level 14 in Hexes
 10429 | Lair:4   | Noticed a catoblepas
 10462 | Lair:4   | Mangled by a catoblepas

Skill      XL: |  1  2  3  4  5  6  7  8  9 10 11 12 |
---------------+-------------------------------------+-----
Short Blades   | 2 3 4 5 6 8 9 11 12 | 12.0
Hexes          | 5 6 7 9 10 11 13 14 | 14.0
Stealth        | 5 6 7 8 9 10 12 13 | 13.2
Spellcasting   | 3 4 5 6 7 8 |  8.2
Long Blades    | 4 5 |  5.7
Fighting       | 1 3 |  3.0
Armour         | 1 2 |  2.7
Dodging        | 3 4 |  4.3

Action                   |  1- 3 |  4- 6 |  7- 9 | 10-12 || total
-------------------------+-------+-------+-------+-------++-------
Melee: Dagger            |    73 |   213 |   508 |   451 ||  1245
       Bite              |     8 |    22 |    46 |    56 ||   132
       Unarmed           |       |     1 |       |       ||     1
       Headbutt          |       |       |     3 |    94 ||    97
 Cast: Ensorcelled Hiber |     5 |     9 |     8 |    18 ||    40
       Confuse           |       |     3 |    24 |    72 ||    99
Invok: Heroism           |       |       |     1 |       ||     1
 Abil: End Transformatio |       |     1 |       |       ||     1
       Bat Form          |       |     1 |       |       ||     1
  Use: Scroll            |       |     9 |     5 |     5 ||    19
       Potion            |       |    10 |     2 |     5 ||    17
 Stab: Sleeping          |    10 |    12 |    17 |    26 ||    65
       Confused          |       |     2 |    15 |    33 ||    50
       Distracted        |       |     2 |       |       ||     2
       Invisible         |       |       |       |    12 ||    12
Armor: Robe              |    19 |     8 |       |       ||    27
       Pearl dragon armo |       |    73 |   220 |   151 ||   444
Dodge: Dodged            |    32 |    56 |   145 |    98 ||   331
